 Dungeon Crawl Stone Soup version 0.30-a0-726-gd89dcf765f (webtiles) character file.

Game seed: 11079769821046920944

2537 browni3141 the Geomancer (level 9, -8/61 HPs)
             Began as a Human Earth Elementalist on Jan 30, 2023.
             Was a Follower of Kikubaaqudgha.
             Mangled by a seven-headed hydra (10 damage)
             ... on level 7 of the Dungeon.
             The game lasted 00:15:47 (7508 turns).

browni3141 the Geomancer (Human Earth Elementalist) Turns: 7508, Time: 00:15:48

Health: -8/61      AC: 11    Str:  9    XL:     9   Next: 85%
Magic:  3/13       EV: 11    Int: 20    God:    Kikubaaqudgha [*.....]
Gold:   498        SH:  3    Dex: 13    Spells: 4/14 levels left

rFire   + . .      SeeInvis .    K - staff of earth
rCold   . . .      Faith    .    w - +0 buckler
rNeg    . . .      Spirit   .    L - +1 robe of Vines {NoPotionHeal Regen++++}
rPois   .          Reflect  .    n - +2 hat
rElec   .          Harm     .    (no cloak)
rCorr   .          Rampage  .    r - +0 pair of gloves
Will    .....                    C - +0 pair of boots
Stlth   ++                       (no amulet)
HPRegen 3.50/turn                g - +4 ring of protection
MPRegen 0.13/turn                s - ring of protection from fire

@: no status effects
A: no striking features
a: Renounce Religion, Unearth Wretches


You were on level 7 of the Dungeon.
You worshipped Kikubaaqudgha.
Kikubaaqudgha was aware of your devotion.
You visited 2 branches of the dungeon, and saw 8 of its levels.
You also visited: Sewer.

You collected 498 gold pieces.

Inventory:

Hand Weapons
 d - a +0 dagger
Armour
 a - a +0 robe
 n - a +2 hat (worn)
 p - the +1 robe of Ikoomianoz {rElec rC+ Stlth+}
   (You found it on level 2 of the Dungeon)

   rC:        It protects you from cold.
   rElec:     It insulates you from electricity.
   Stlth:     It makes you more stealthy.
 r - a +0 pair of gloves (worn)
 w - a +0 buckler (worn)
 C - a +0 pair of boots (worn)
 L - the +1 robe of Vines (worn) {NoPotionHeal Regen++++}
   (You found it on level 7 of the Dungeon)

   NoPotionHeal: Its wearer cannot be healed by potions.
   Regen:     It increases your rate of health regeneration.
Magical Staves
 H - a staff of poison
 K - a staff of earth (weapon)
Jewellery
 g - a +4 ring of protection (left hand)
 s - a ring of protection from fire (right hand)
 J - a ring of ice
Wands
 u - a wand of mindburst (3)
Scrolls
 c - a scroll of enchant armour {unknown}
 e - 3 scrolls of poison {unknown}
 f - 5 scrolls of identify {unknown}
 h - 2 scrolls of noise {unknown}
 k - a scroll of amnesia {unknown}
 l - a scroll of fear {unknown}
 m - a scroll of acquirement {unknown}
 y - a scroll of blinking {unknown}
 z - 3 scrolls of teleportation {unknown}
 A - a scroll of silence {unknown}
 D - a scroll of fog {unknown}
 F - a scroll of magic mapping {unknown}
 G - a scroll of enchant weapon {unknown}
Potions
 b - a potion of magic
 i - a potion of heal wounds {unknown}
 j - 4 potions of brilliance {unknown}
 o - 2 potions of invisibility {unknown}
 q - a potion of ambrosia {unknown}
 t - a potion of berserk rage {unknown}
 v - a potion of degeneration {unknown}
 x - a potion of flight {unknown}
 B - a potion of mutation {unknown}
 E - a potion of haste {unknown}
 I - a potion of resistance {unknown}


   Skills:
 - Level 2.0 Fighting
 - Level 2.0 Dodging
 - Level 2.0 Stealth
 - Level 3.0 Spellcasting
 - Level 3.0 Conjurations
 - Level 3.0 Transmutations
 * Level 10.9 Earth Magic
 - Level 4.0 Evocations


You had 4 spell levels left.
You knew the following spells:

 Your Spells              Type           Power      Damage    Failure   Level
a - Sandblast             Erth           100%       2d20      1%          1
b - Passwall              Tmut/Erth      38%        N/A       1%          2
c - Stone Arrow           Conj/Erth      92%        3d12      3%          3
d - Petrify               Tmut/Erth      46%        N/A       11%         4

Your spell library contained the following spells:

 Spells                   Type           Power      Damage    Failure   Level
 Magic Dart               Conj           60%        1d6       5%          1
 Kiss of Death            Conj/Necr      36%        2d8       11%         1
 Necrotise                Necr           12%        1d4       19%         1
 Call Imp                 Summ           3%         N/A       28%         2
 Lesser Beckoning         Tloc           6%         N/A       28%         2
 Mephitic Cloud           Conj/Pois/Air  7%         N/A       36%         3
 Gell's Gravitas          Tloc           3%         N/A       50%         3
 Inner Flame              Hex/Fire       3%         N/A       50%         3
 Teleport Other           Tloc           3%         N/A       50%         3
 Vampiric Draining        Necr           3%         2d6       50%         3
 Flame Wave               Conj/Fire      9%         2d6       71%         4
 Sticky Flame             Conj/Fire      9%         2d3       71%         4
 Animate Dead             Necr           3%         N/A       88%         4


Dungeon Overview and Level Annotations

Branches:
Dungeon (7/15)             Temple (1/1) D:5           Sewer (visited)

Altars:
Ashenzari
Cheibriados
Gozag
Kikubaaqudgha
Nemelex Xobeh
Qazlal
Trog
Uskayaw
Vehumet
Wu Jian
Yredelemnul
The Shining One


Message History

The seven-headed hydra bites you.
The seven-headed hydra barely misses you.
The seven-headed hydra bites you but does no damage.
The seven-headed hydra bites you.
You block the seven-headed hydra's attack.
The seven-headed hydra bites you!
Aiming: Mindburst
Press: ? - help, Shift-Dir - straight line, f/p - seven-headed hydra
Aim: a seven-headed hydra (heavily wounded, chance to affect: 47%)
The seven-headed hydra resists with some effort.
The seven-headed hydra bites you! The seven-headed hydra bites you.
The seven-headed hydra closely misses you. x2
The seven-headed hydra barely misses you.
You block the seven-headed hydra's attack.
The seven-headed hydra bites you!
Aiming: Mindburst
Press: ? - help, Shift-Dir - straight line, f/p - seven-headed hydra
Aim: a seven-headed hydra (heavily wounded, chance to affect: 47%)
The seven-headed hydra resists with some effort.
You block the seven-headed hydra's attack.
The seven-headed hydra bites you!
The seven-headed hydra closely misses you.
The seven-headed hydra bites you!
* * * LOW HITPOINT WARNING * * *
The seven-headed hydra bites you but does no damage.
The seven-headed hydra closely misses you. x2
Okay, then.
Aiming: Mindburst
Press: ? - help, Shift-Dir - straight line, f/p - seven-headed hydra
Aim: a seven-headed hydra (heavily wounded, chance to affect: 47%)
The seven-headed hydra resists with some effort.
The seven-headed hydra bites you!
* * * LOW HITPOINT WARNING * * *
The seven-headed hydra bites you but does no damage.
The seven-headed hydra bites you.
* * * LOW HITPOINT WARNING * * *
The seven-headed hydra barely misses you.
The seven-headed hydra bites you!
You die...
Kikubaaqudgha rasps: "You have failed me!
Welcome... death!"

###### .....# ...#.#
##.#.######
##........#
###.####.#### ###### .
#.# #....####P...# T..
####.# #.P...#..)...#
#P... .....#
#......@D)~.♣......
######
##......♣)~~.....z..
##
###.P..P#.#.))...#...z
.##
##<#....####....### ..
).####....############
..'...............
..####<..######### .##
##.## ## #.#


You could see a seven-headed hydra.

Vanquished Creatures
  2 trolls (D:7)
  Prince Ribbit (D:7)
  Menkaure (D:7)
  Pargi (Sewer)
  3 black bears
  An ice beast (D:5)
  An orc warrior (D:6)
  A centaur (D:5)
  A phantom (D:4)
  A necrophage (D:5)
  3 wights
  2 howler monkeys (D:7)
  9 orc priests
  3 hounds
  3 iguanas (D:5)
  6 orc wizards
  Terence (D:2)
  Robin (D:2)
  5 adders
  4 gnolls
  2 shadow imps (D:6)
  A white imp (D:5)
  An ufetubus (D:4)
  2 worms (D:2)
  2 dart slugs
  24 orcs
  5 bats (D:1)
  8 endoplasms
  5 giant cockroaches
  7 goblins
  10 hobgoblins
  3 jackals (D:1)
  6 kobolds
  5 quokkas
  2 ball pythons
  A frilled lizard (Sewer)
  3 rats
137 creatures vanquished.

Vanquished Creatures (others)
  18 plants (D:7)
18 creatures vanquished.

Grand Total: 155 creatures vanquished

Notes
Turn   | Place    | Note
-------+----------+-------------------------------------------
     0 | D:1      | browni3141 the Human Earth Elementalist began the quest for
                  | the Orb.
     0 | D:1      | Reached XP level 1. HP: 13/13 MP: 3/3
    76 | D:1      | Reached skill level 1 in Fighting
   124 | D:1      | Reached XP level 2. HP: 21/21 MP: 1/5
   127 | D:1      | Learned a level 2 spell: Passwall
   359 | D:1      | Reached XP level 3. HP: 26/27 MP: 2/6
  1312 | D:2      | Reached XP level 4. HP: 33/33 MP: 3/7
  1568 | D:2      | Learned a level 3 spell: Stone Arrow
  1610 | D:2      | Identified the +1 robe of Ikoomianoz {rElec rC+ Stlth+}
  2108 | D:2      | Noticed Terence
  2123 | D:2      | Killed Terence
  2124 | D:2      | Reached skill level 1 in Conjurations
  2201 | D:2      | Noticed Robin
  2207 | D:2      | Killed Robin
  2208 | D:2      | Reached XP level 5. HP: 33/38 MP: 1/8
  3002 | D:3      | Found a stormy altar of Qazlal.
  3568 | D:4      | Reached XP level 6. HP: 26/44 MP: 1/9
  3860 | D:4      | Reached skill level 4 in Earth Magic
  4865 | D:5      | Entered Level 5 of the Dungeon
  4903 | D:5      | Reached XP level 7. HP: 43/50 MP: 1/11
  4933 | D:5      | Reached skill level 5 in Earth Magic
  4933 | D:5      | Reached skill level 1 in Evocations
  5056 | D:5      | Found a staircase to the Ecumenical Temple.
  5067 | Temple   | Entered the Ecumenical Temple
  5175 | Temple   | Became a worshipper of Kikubaaqudgha
  5222 | D:5      | Learned a level 4 spell: Petrify
  5325 | D:5      | Reached skill level 6 in Earth Magic
  5325 | D:5      | Reached XP level 8. HP: 56/56 MP: 7/12
  5503 | D:5      | Identified the +9 mace "Fuja" {freeze, Str+5}
  5761 | D:5      | You fall into a shaft and drop 1 floor!
  5786 | D:6      | Found a glowing drain.
  5795 | Sewer    | Entered a sewer
  5863 | Sewer    | Noticed Pargi
  5867 | Sewer    | Killed Pargi
  5868 | Sewer    | Reached skill level 7 in Earth Magic
  6018 | D:6      | Reached * piety under Kikubaaqudgha
  6018 | D:6      | Received a gift from Kikubaaqudgha
  6226 | D:6      | Reached skill level 8 in Earth Magic
  6444 | D:6      | Reached XP level 9. HP: 47/61 MP: 8/13
  6949 | D:7      | Noticed a troll
  6951 | D:7      | Found the +1 robe of Vines {NoPotionHeal Regen++++}
  6959 | D:7      | Noticed a gargoyle
  7068 | D:7      | Noticed Prince Ribbit
  7077 | D:7      | Killed Prince Ribbit
  7078 | D:7      | Reached skill level 9 in Earth Magic
  7228 | D:7      | Noticed a troll
  7235 | D:7      | Killed a troll
  7338 | D:7      | Noticed Menkaure
  7342 | D:7      | Killed Menkaure
  7343 | D:7      | Reached skill level 10 in Earth Magic
  7409 | D:7      | Killed a troll
  7493 | D:7      | Noticed a seven-headed hydra
  7508 | D:7      | HP: 2/61 [seven-headed hydra (6)]
  7508 | D:7      | Mangled by a seven-headed hydra

Illustrated notes

Levels and vault maps discovered:
D:1:      roderic_octagonal_star, layout_basic
D:2:      layout_basic, minmay_misc_feat_plants, corexii_hall_statues_s,
          minmay_misc_feat_ornament, uniq_terence, uniq_robin
D:3:      layout_basic, lemuel_tele_altar
D:4:      layout_basic, kennysheep_generic_room_7
D:5:      layout_loops_cross, minmay_temple_entry_mini_moons
D:6:      layout_loops_ring, portal_sewer_entry_f, kennysheep_generic_room_3
D:7:      layout_loops_corners, hellmonk_guarded_unrand_vines,
          uniq_prince_ribbit1, uniq_menkaure
Temple:   nicolae_temple_slightly_damp_pantheon

Skill      XL: |  1  2  3  4  5  6  7  8  9 |
---------------+----------------------------+-----
Fighting       | 1 2 |  2.0
Transmutations | 2 3 |  3.0
Conjurations   | 1 3 |  3.0
Spellcasting   | 3 |  3.0
Earth Magic    | 4 6 8 10 | 10.9
Evocations     | 3 4 |  4.0
Dodging        | |  2.0
Stealth        | |  2.0

Action                     |  1- 3 |  4- 6 |  7- 9 || total
---------------------------+-------+-------+-------++-------
  Melee: Dagger            |    25 |    53 |    37 ||   115
         Staff             |       |       |     8 ||     8
   Cast: Sandblast         |    41 |   104 |   120 ||   265
         Stone Arrow       |       |     1 |     6 ||     7
         Passwall          |       |     1 |       ||     1
         Petrify           |       |       |     5 ||     5
  Evoke: Wand              |       |     4 |     7 ||    11
   Stab: Sleeping          |       |     1 |       ||     1
         Petrified         |       |       |     2 ||     2
 Armour: Robe              |    19 |    44 |    63 ||   126
  Dodge: Dodged            |    28 |    72 |    80 ||   180
  Block: Buckler           |       |    11 |    31 ||    42

Table legend: (Time is in decaauts)
 A = Elapsed time spent in this place.
 B = Non-inter-level travel time spent in this place.
 C = Inter-level travel time spent in this place.
 D = Time resting spent in this place.
 E = Time spent auto-exploring this place.
 F = Levels seen in this place.
 G = Mean time per level.
                   A        B        C        D        E       F      G
               +--------+--------+--------+--------+--------+-----+--------+
         Total |   7649 |   7381 |    268 |    168 |   5993 |   9 |  849.9 |
       Dungeon |   7313 |   7058 |    255 |    168 |   5750 |   7 | 1044.7 |
        Temple |    122 |    109 |     13 |      0 |     90 |   1 |  122.0 |
         Sewer |    213 |    213 |      0 |      0 |    153 |   1 |  213.0 |
               +--------+--------+--------+--------+--------+-----+--------+

Top non-repeatable levels by time:
     D:2: 1455 daAuts
     D:4: 1397 daAuts
     D:3: 1180 daAuts
     D:6: 1082 daAuts
     D:1: 900 daAuts
     D:5: 796 daAuts
     D:7: 502 daAuts
   Sewer: 213 daAuts
  Temple: 122 daAuts
